AoeStats
← Chiripa605

Arena

510084574Analyzed
4v4 RM · 2d ago on Sep 29, 2026· 31m 11s· 8 players
Game mode
Random Map
Map size
Large (8 player)
Population
200
Speed
Normal
Resources
Standard
Victory
Conquest
Starting age
Dark Age
Ending age
Imperial Age
RankedLock teamsTeams togetherTeam positionsShared explorationLock speedFull tech treeHidden civsTurbo modeCheats
Victory
Defeat
🇨🇳 Hindustanis · China
1345
+19
🇹🇼 Britons · Taiwan
1340
+19
🇨🇳 Teutons · China
1323
+20
🇭🇰 Franks · Hong Kong SAR China
1297
+21
🇹🇼 Turks · Taiwan
1451
-21
🇨🇳 Varangians · China
1440
-21
🇺🇸 Lithuanians · United States
1439
-22
🇺🇸 Portuguese · United States
1294
-15
pasonnosap
11:33 Feudal Age
12:02 Feudal Age
15:34 Castle Age
13:54 Double-Bit Axe
14:59 Horse Collar
20:32 Bow Saw
21:31 Stone Mining
26:34 Imperial Age
24:36 Heavy Plow
26:04 Wheelbarrow
25:21 Fletching
25:31 Padded Archer Armor
25:57 Bodkin Arrow
26:26 Ballistics
26:53 Gold Mining
28:30 Chemistry
28:42 Hand Cart
28:45 Bracer
30:40 Leather Archer Armor
31:04 Loom
苟住
10:03 Feudal Age
13:52 Castle Age
12:40 Double-Bit Axe
12:49 Horse Collar
21:10 Heavy Plow
22:04 Wheelbarrow
22:11 Gold Mining
23:33 Bow Saw
23:42 Stone Mining
25:45 Gold Shaft Mining
28:45 Imperial Age
26:03 Loom
26:35 Hand Cart
26:08 Town Watch
27:10 Fletching
27:32 Forging
28:09 Fortified Wall
28:19 Scale Barding Armor
28:15 Scale Mail Armor
28:41 Grand Trunk Road
29:19 Iron Casting
30:30 Chemistry
29:53 Chain Barding Armor
29:51 Chain Mail Armor
29:57 Chain Mail Armor
29:39 Bodkin Arrow
30:33 Conscription
29:37 Heavy Camel Rider
31:34 Two-Man Saw
30:52 Bloodlines
30:43 Husbandry
31:56 Blast Furnace
32:17 Plate Barding Armor
ocheda
10:41 Feudal Age
14:44 Castle Age
13:01 Double-Bit Axe
15:49 Bow Saw
22:36 Loom
23:36 Wheelbarrow
25:24 Hand Cart
28:10 Imperial Age
25:58 Town Watch
26:25 Forging
28:08 Iron Casting
27:36 Squires
28:05 Scale Mail Armor
27:52 Arson
30:09 Blast Furnace
29:52 Chain Mail Armor
30:54 Conscription
dashuaibi
6:01 Loom
8:49 Feudal Age
14:17 Fletching
27:51 Castle Age
25:54 Double-Bit Axe
26:59 Stone Mining
30:33 Bow Saw
30:05 Horse Collar
Nike man
10:49 Feudal Age
15:20 Castle Age
14:51 Fletching
17:40 Loom
22:15 Double-Bit Axe
25:05 Horse Collar
28:03 Bodkin Arrow
33:00 Imperial Age
30:28 Town Watch
30:27 Crossbowman
Chiripa605
7:04 Loom
9:01 Feudal Age
9:42 Double-Bit Axe
14:08 Fletching
18:26 Horse Collar
24:20 Castle Age
23:10 Scale Mail Armor
24:24 Pikeman
25:04 Squires
25:42 Bow Saw
26:53 Chain Mail Armor
28:49 Forging
30:56 Wheelbarrow
江哥
10:06 Feudal Age
14:05 Castle Age
12:42 Double-Bit Axe
12:39 Horse Collar
15:13 Bow Saw
18:31 Town Watch
23:03 Wheelbarrow
24:18 Loom
25:54 Hand Cart
28:37 Imperial Age
26:12 Gold Mining
26:44 Scale Barding Armor
26:50 Forging
26:27 Treadmill Crane
27:20 Stone Mining
27:51 Chain Barding Armor
28:11 Masonry
27:44 Vendel Legacy
29:20 Stone Shaft Mining
29:31 Stone Shaft Mining
29:57 Conscription
30:27 Plate Barding Armor
29:53 Elite Jarl
31:57 Two-Man Saw
32:01 Iron Casting
kuim
11:00 Feudal Age
11:49 Double-Bit Axe
11:46 Horse Collar
14:45 Castle Age
15:45 Bow Saw
18:29 Loom
26:35 Imperial Age
24:23 Fletching
24:41 Gold Mining
25:47 Wheelbarrow
25:38 Heavy Plow
26:07 Bodkin Arrow
26:13 Padded Archer Armor
26:36 Bloodlines
27:01 Thumb Ring
27:38 Ballistics
27:24 Bracer
27:40 Leather Archer Armor
28:28 Sipahi
28:46 Parthian Tactics
29:46 Ring Archer Armor
29:11 Town Watch
29:12 Loom
29:42 Hand Cart
31:07 Scale Barding Armor
Connection lost

Rejoining the realm…

Still unreachable

The connection could not be restored.

Session expired

The server has moved on; the page needs a fresh start.